 Dungeon Crawl Stone Soup version 0.23.2-11-gf996548c65 (webtiles) character file.

Game seed: 7883410668850607133

431 Brecoman the Chopper (level 6, -5/52 HPs)
             Began as a Draconian Skald on June 3, 2019.
             Was an Initiate of Nemelex Xobeh.
             Killed by nerve-wracking pain
             ... invoked by an orc priest
              (14 damage)
             ... on level 5 of the Dungeon.
             The game lasted 00:12:30 (4959 turns).

Brecoman the Chopper (Draconian Skald)              Turns: 4959, Time: 00:12:31

Health: -5/52      AC:  6    Str: 14    XL:     6   Next: 66%
Magic:  6/9        EV: 12    Int: 15    God:    Nemelex Xobeh [......]
Gold:   187        SH:  0    Dex: 10    Spells: 0/9 levels left

rFire    . . .     SeeInvis .   a - +0 hand axe
rCold    . . .     Gourm    .   (no shield)
rNeg     . . .     Faith    .   (armour unavailable)
rPois    .         Spirit   .   (helmet restricted)
rElec    .         Reflect  .   (no cloak)
rCorr    .         Harm     .   (no gloves)
MR       .....                  (no boots)
Stlth    +.........             (no amulet)
HPRegen  0.17/turn              (no ring)
MPRegen  0.11/turn              (no ring)

@: shrouded
A: unfitting armour, cold-blooded, AC +6
a: Draw Escape, Draw Destruction, Draw Summoning, Renounce Religion


You were on level 5 of the Dungeon.
You worshipped Nemelex Xobeh.
Nemelex Xobeh was noncommittal.
You were hungry.

You visited 1 branch of the dungeon, and saw 5 of its levels.

You collected 187 gold pieces.

Inventory:

Hand Weapons
 a - a +0 hand axe (weapon)
 m - a +3 hand axe
Missiles
 e - 136 stones (quivered)
 q - 4 tomahawks of dispersal
Jewellery
 j - an uncursed ring of resist corrosion {unknown}
Scrolls
 b - 3 scrolls of blinking {unknown}
 d - a scroll of enchant weapon {unknown}
 f - 5 scrolls of identify {unknown}
 g - a scroll of noise {unknown}
 h - 2 scrolls of teleportation {unknown}
 n - a scroll of immolation {unknown}
 s - a scroll of amnesia {unknown}
 t - a scroll of fog {unknown}
 u - a scroll of enchant armour {unknown}
Potions
 i - a potion of heal wounds {unknown}
 k - a potion of degeneration {unknown}
 l - 3 potions of might {unknown}
 o - a potion of invisibility {unknown}
 p - a potion of haste {unknown}
 r - a potion of brilliance {unknown}
 v - a potion of flight {unknown}
 w - a potion of lignification {unknown}
 x - a potion of resistance {unknown}
Comestibles
 c - 9 rations
 z - 2 chunks of flesh


   Skills:
 + Level 4.0 Fighting
 * Level 4.8 Axes
 - Level 2.1 Dodging
 - Level 2.0 Spellcasting
 + Level 0.8 Hexes
 * Level 4.0 Charms
 + Level 2.0 Necromancy


You couldn't memorise any spells.
You knew the following spells:

 Your Spells              Type           Power        Failure   Level  Hunger
a - Infusion              Chrm           ##..         4%          1    #......
b - Song of Slaying       Chrm           ##......     6%          2    ###....
c - Shroud of Golubria    Chrm/Tloc      #.........   14%         2    ###....
d - Animate Skeleton      Necr           N/A          10%         1    #......
e - Spectral Weapon       Hex/Chrm       #.......     24%         3    ###....

Your spell library contained the following spells:

 Spells                   Type           Power        Failure   Level  Hunger
 Confusing Touch          Hex            #.....       16%         1    #......
 Regeneration             Chrm/Necr      ##........   19%         3    ###....
 Apportation              Tloc           #.....       22%         1    #......
 Summon Small Mammal      Summ           #...         22%         1    #......


Dungeon Overview and Level Annotations

Branches:
Dungeon (5/15)
 Temple: D:4-7

Altars:
Nemelex Xobeh
Ru
Sif Muna
Trog
Xom


Innate Abilities, Weirdness & Mutations

Your plain brown scales are hard. (AC +6)
You cannot fit into any form of body armour.
You are cold-blooded and may be slowed by cold attacks.


Message History

You hit the orc priest but do no damage.
The orc priest hits you with a +0 short sword.
* * * LOW HITPOINT WARNING * * *
You hit the orc priest but do no damage.
The orc priest hits you with a +0 short sword.
* * * LOW HITPOINT WARNING * * *
You closely miss the orc priest.
You tail-slap the orc priest, but do no damage.
The orc priest invokes the aid of Beogh against you.
Pain shoots through your body!
* * * LOW HITPOINT WARNING * * *
Press: ? - help, v - describe, . - travel, g - get item
Here: an orc priest, wielding a +0 short sword A +0 dagger.
There is something else lying underneath.
The floor, spattered with blood.
The orc priest calls down the wrath of Beogh upon you.
Pain shoots through your body!
You die...
Your body disappears without a glow.

#########
#...@.o.#
#.#####)# #.#
#.#
######.##.....
#.........##..#
#.####.#####..#
#.####... ...#
#....##### ##.#
####.# .#


You could see an orc priest.

Vanquished Creatures
  Menkaure (D:4)
  A bullfrog zombie (D:5)
  2 orc wizards (D:5)
  3 worker ants (D:4)
  A howler monkey skeleton (D:4)
  4 adders
  An ooze (D:1)
  An adder skeleton (D:4)
  3 worms
  3 dart slugs
  3 leopard geckos
  4 orcs
  3 giant cockroaches
  5 goblins
  11 hobgoblins
  15 jackals
  A quokka (D:2)
  6 bats
  2 frilled lizards
  6 kobolds
  6 rats
82 creatures vanquished.

Notes
Turn   | Place    | Note
-------+----------+-------------------------------------------
     0 | D:1      | Brecoman the Draconian Skald began the quest for the Orb.
     0 | D:1      | Reached XP level 1. HP: 17/17 MP: 3/3
   260 | D:1      | Reached XP level 2. HP: 17/25 MP: 5/5
  1032 | D:2      | Reached XP level 3. HP: 15/30 MP: 6/6
  1456 | D:2      | Learned a level 2 spell: Song of Slaying
  1459 | D:2      | Learned a level 2 spell: Shroud of Golubria
  1999 | D:2      | Reached XP level 4. HP: 38/38 MP: 7/7
  2505 | D:3      | Learned a level 1 spell: Animate Skeleton
  3387 | D:4      | Found a sparkling altar of Nemelex Xobeh.
  3393 | D:4      | Became a worshipper of Nemelex Xobeh the Trickster
  3427 | D:4      | Received a gift from Nemelex Xobeh
  3535 | D:4      | Reached XP level 5. HP: 10/45 MP: 2/8
  3852 | D:4      | Noticed Menkaure
  3885 | D:4      | Killed Menkaure
  3885 | D:4      | Reached skill level 1 in Necromancy
  3885 | D:4      | Reached XP level 6. HP: 10/52 MP: 0/9
  4136 | D:4      | Learned a level 3 spell: Spectral Weapon
  4248 | D:4      | Found a bloodstained altar of Trog.
  4573 | D:4      | Found a deep blue altar of Sif Muna.
  4573 | D:4      | Found a sacrificial altar of Ru.
  4574 | D:4      | Found a shimmering altar of Xom.
  4757 | D:5      | Entered Level 5 of the Dungeon
  4959 | D:5      | Killed from afar by an orc priest

Skill      XL: |  1  2  3  4  5  6 |
---------------+-------------------+-----
Charms         | 3 4 |  4.0
Axes           | 3 4 |  4.8
Fighting       | 3 4 |  4.0
Necromancy     | 1 2 |  2.0
Dodging        | |  2.1
Spellcasting   | |  2.0
Hexes          | |  0.8

Action                   |  1- 3 |  4- 6 || total
-------------------------+-------+-------++-------
Melee: Hand axe          |   162 |   150 ||   312
       Tailslap          |    10 |    16 ||    26
Throw: Stone             |       |     1 ||     1
 Cast: Infusion          |     3 |     9 ||    12
       Shroud of Golubri |     1 |     5 ||     6
       Song of Slaying   |       |     3 ||     3
       Spectral Weapon   |       |     5 ||     5
 Stab: Sleeping          |     1 |       ||     1
  Eat: Chunk             |     4 |    10 ||    14
Armor: Skin              |    49 |    37 ||    86
Dodge: Dodged            |   104 |    94 ||   198
